SAL
WEST VIRGINIA POWER @ HICKORY CRAWDADS
05/13/2099
 
TOP OF THE 1ST
West Virginia Power batting - Pitching for Hickory Crawdads : RHP Andy Schurmann
Pitching: RHP Andy Schurmann
Batting: RHB Nick Pieper 0-0: Ball
1-0: Foul Ball, location: 5F
1-1: Called Strike
1-2: Foul Ball, location: 9LSF
1-2: Strikes out swinging
Batting: RHB Bryan Gibson 0-0: Ball
1-0: Ball
2-0: Ball
3-0: Called Strike
3-1: Called Strike
3-2: SINGLE (Groundball, 6MD, EV 99.4 MPH)
Batting: RHB Robert Valeriano 0-0: Ball
1-0: Grounds into double play, 6-4-3 (Groundball, 6, EV 101.3 MPH)
Top of the 1st over - 0 runs, 1 hit, 0 errors, 0 left on base; West Virginia 0 - Hickory 0
BOTTOM OF THE 1ST
Hickory Crawdads batting - Pitching for West Virginia Power : RHP Luis Piefort
Pitching: RHP Luis Piefort
Batting: RHB John Parker 0-0: Ball
1-0: Called Strike
1-1: Ball
2-1: Ball
3-1: Ground out 5-3 (Groundball, 5L, EV 100.6 MPH)
Batting: RHB Frank Goodwin 0-0: Called Strike
0-1: Ball
1-1: Ball
2-1: Ball
3-1: Base on Balls
Batting: RHB Alex Colgan 0-0: Ball
1-0: Ball
2-0: SINGLE (Flyball, 5D, EV 86.3 MPH)
Frank Goodwin to second
Batting: LHB Brad Allen 0-0: Called Strike
0-1: Ball
1-1: Ball
2-1: Grounds into double play, 4-6-3 (Groundball, 4, EV 87.5 MPH)
Bottom of the 1st over - 0 runs, 1 hit, 0 errors, 1 left on base; West Virginia 0 - Hickory 0
TOP OF THE 2ND
West Virginia Power batting - Pitching for Hickory Crawdads : RHP Andy Schurmann
Batting: RHB Alex Cabrera 0-0: Called Strike
0-1: Ball
1-1: Foul Ball, location: 9LMF
1-2: Strikes out swinging
Batting: RHB Jerry Evans 0-0: Ball
1-0: Ball
2-0: Ball
3-0: Base on Balls
Batting: RHB Jose Vidal 0-0: Foul Ball, location: 7LMFF
0-1: DOUBLE (Line Drive, 8LXD, EV 101.9 MPH)
Jerry Evans to third
Runner from 3rd tries for Home, SAFE, throw by CF to trailing runner, SAFE at third!
Batting: RHB Brian Chisholm 0-0: Ball
1-0: Foul Ball, location: 2F
1-1: Swinging Strike
1-2: Foul Ball, location: 2F
1-2: Ball
2-2: Foul Ball, location: 3F
2-2: Ball
3-2: Strikes out swinging
Batting: RHB Ryan Fleming 0-0: SINGLE (Line Drive, 89M, EV 96.9 MPH)
Jose Vidal scores
Batting: RHB Mario Sierra 0-0: Foul Ball, location: 9LSF
0-1: Ball
1-1: Foul Ball, location: 2F
1-2: Strikes out looking
Top of the 2nd over - 2 runs, 2 hits, 0 errors, 1 left on base; West Virginia 2 - Hickory 0
BOTTOM OF THE 2ND
Hickory Crawdads batting - Pitching for West Virginia Power : RHP Luis Piefort
Batting: SHB Rodrigo Ruiz 0-0: Foul Ball, location: 2F
0-1: Called Strike
0-2: Foul Ball, location: 2RF
0-2: SINGLE (Line Drive, 6D, EV 102.5 MPH)
Batting: RHB Justin Beck 0-0: Ball
1-0: Ball
2-0: Ball
3-0: Base on Balls
Rodrigo Ruiz to second
Batting: LHB Brian Edwards 0-0: Ball
1-0: Sac Bunt to 15 - play at first, batter OUT! 1-3
Rodrigo Ruiz to third
Justin Beck to second
Batting: RHB Greg Milne 0-0: Ball
1-0: Foul Ball, location: 2F
1-1: SINGLE (Groundball, 6MD, EV 96.3 MPH)
Rodrigo Ruiz scores
Justin Beck to third
Batting: LHB Branden Clark 0-0: Ball
1-0: Ball
2-0: SINGLE (Line Drive, 56, EV 98.1 MPH)
Justin Beck scores
Greg Milne to second
Batting: RHB John Parker 0-0: Ball
1-0: Ball
2-0: Ball
3-0: Called Strike
3-1: Fly out, F4 (Popup, 4S, EV 63.8 MPH)
Batting: RHB Frank Goodwin 0-0: Called Strike
0-1: Called Strike
0-2: Fly out, F4 (Popup, 13S, EV 86.3 MPH)
Bottom of the 2nd over - 2 runs, 3 hits, 0 errors, 2 left on base; West Virginia 2 - Hickory 2
TOP OF THE 3RD
West Virginia Power batting - Pitching for Hickory Crawdads : RHP Andy Schurmann
Batting: RHB Nick Pieper 0-0: Ball
1-0: Foul Ball, location: 9LDF
1-1: Called Strike
1-2: Ball
2-2: Foul Ball, location: 2F
2-2: Foul Ball, location: 2F
2-2: Foul Ball, location: 2F
2-2: Strikes out swinging
Batting: RHB Bryan Gibson 0-0: Fly out, F8 (Line Drive, 8LD, EV 94.4 MPH)
Batting: RHB Robert Valeriano 0-0: Swinging Strike
0-1: Foul Ball, location: 9LDF
0-2: Foul Ball, location: 2F
0-2: Foul Ball, location: 5FF
0-2: Ball
1-2: Foul Ball, location: 9LSF
1-2: Foul Ball, location: 2F
1-2: SINGLE (Line Drive, 8RS, EV 96.3 MPH)
Batting: RHB Alex Cabrera 0-0: Ball
1-0: Called Strike
1-1: Called Strike
1-2: Fly out, F7 (Flyball, 78D, EV 77.5 MPH)
Top of the 3rd over - 0 runs, 1 hit, 0 errors, 1 left on base; West Virginia 2 - Hickory 2
BOTTOM OF THE 3RD
Hickory Crawdads batting - Pitching for West Virginia Power : RHP Luis Piefort
Batting: RHB Alex Colgan 0-0: Ball
1-0: Swinging Strike
1-1: Ground out 6-3 (Groundball, 56, EV 83.1 MPH)
Batting: LHB Brad Allen 0-0: Ball
1-0: Ball
2-0: Called Strike
2-1: Foul Ball, location: 2F
2-2: Strikes out swinging
Batting: SHB Rodrigo Ruiz 0-0: Called Strike
0-1: Ball
1-1: Ground out 6-3 (Groundball, 6, EV 86.3 MPH)
Bottom of the 3rd over - 0 runs, 0 hits, 0 errors, 0 left on base; West Virginia 2 - Hickory 2
TOP OF THE 4TH
West Virginia Power batting - Pitching for Hickory Crawdads : RHP Andy Schurmann
Batting: RHB Jerry Evans 0-0: Ball
1-0: Foul Ball, location: 2F
1-1: Swinging Strike
1-2: Strikes out looking
Batting: RHB Jose Vidal 0-0: Called Strike
0-1: Swinging Strike
0-2: Ball
1-2: Foul Ball, location: 5F
1-2: Strikes out looking
Batting: RHB Brian Chisholm 0-0: Called Strike
0-1: Ball
1-1: Called Strike
1-2: Foul Ball, location: 3F
1-2: Ball
2-2: Ball
3-2: Strikes out swinging
Top of the 4th over - 0 runs, 0 hits, 0 errors, 0 left on base; West Virginia 2 - Hickory 2
BOTTOM OF THE 4TH
Hickory Crawdads batting - Pitching for West Virginia Power : RHP Luis Piefort
Batting: RHB Justin Beck 0-0: Ball
1-0: SINGLE (Line Drive, 56D, EV 94.4 MPH)
Batting: LHB Brian Edwards 0-0: Swinging Strike
0-1: Foul Ball, location: 2F
0-2: Ball
1-2: Ball
2-2: Strikes out swinging
Batting: RHB Greg Milne 0-0: SINGLE (Line Drive, 8LS, EV 107.5 MPH)
Justin Beck to second
Batting: LHB Branden Clark 0-0: Ball
1-0: Ball
2-0: Ball
3-0: Called Strike
3-1: Foul Ball, location: 2F
3-2: Base on Balls
Justin Beck to third
Greg Milne to second
Pitching: LHP Dave Felshaw
Batting: RHB John Parker 0-0: Foul Ball, location: 7LDF
0-1: Foul Ball, location: 2F
0-2: Foul Ball, location: 2F
0-2: Fielders Choice at 2nd, 5-4 (Groundball, 5, EV 82.5 MPH)
Justin Beck scores
Greg Milne to third
Batting: RHB Frank Goodwin 0-0: Ball
1-0: Called Strike
1-1: Ball
2-1: Ball
3-1: 3-RUN HOME RUN (Flyball, 7D, EV 99.4 MPH), Distance : 388 ft
Batting: RHB Alex Colgan 0-0: Called Strike
0-1: Foul Ball, location: 3FF
0-2: Ball
1-2: Ground out 3-1 (Groundball, 13, EV 90.0 MPH)
Bottom of the 4th over - 4 runs, 3 hits, 0 errors, 0 left on base; West Virginia 2 - Hickory 6
TOP OF THE 5TH
West Virginia Power batting - Pitching for Hickory Crawdads : RHP Andy Schurmann
Batting: RHB Ryan Fleming 0-0: Ball
1-0: Ground out 6-3 (Groundball, 6M, EV 101.3 MPH)
Batting: RHB Mario Sierra 0-0: Ground out 6-3 (Groundball, 6, EV 91.9 MPH)
Batting: RHB Nick Pieper 0-0: Called Strike
0-1: Swinging Strike
0-2: Strikes out swinging
Top of the 5th over - 0 runs, 0 hits, 0 errors, 0 left on base; West Virginia 2 - Hickory 6
BOTTOM OF THE 5TH
Hickory Crawdads batting - Pitching for West Virginia Power : LHP Dave Felshaw
Batting: LHB Brad Allen 0-0: Swinging Strike
0-1: Ball
1-1: Called Strike
1-2: Ball
2-2: Strikes out swinging
Batting: SHB Rodrigo Ruiz 0-0: Ball
1-0: Foul Ball, location: 2F
1-1: Ball
2-1: Fly out, F8 (Flyball, 8LXD, EV 106.3 MPH)
Batting: RHB Justin Beck 0-0: Called Strike
0-1: Ball
1-1: Ground out 1-3 (Groundball, 15S, EV 75.0 MPH)
Bottom of the 5th over - 0 runs, 0 hits, 0 errors, 0 left on base; West Virginia 2 - Hickory 6
TOP OF THE 6TH
West Virginia Power batting - Pitching for Hickory Crawdads : RHP Andy Schurmann
Batting: RHB Bryan Gibson 0-0: Ball
1-0: SINGLE (Line Drive, 8RS, EV 104.4 MPH)
Batting: RHB Robert Valeriano 0-0: Ball
1-0: Fly out, F4 (Popup, 4, EV 66.3 MPH)
Batting: RHB Alex Cabrera 0-0: Ball
1-0: Foul Ball, location: 2F
1-1: Foul Ball, location: 3F
1-2: Ball
Wild Pitch!
Bryan Gibson to second
2-2: Foul Ball, location: 3F
2-2: Fly out, F3 (Popup, 23F, EV 75.0 MPH)
Batting: RHB Jerry Evans 0-0: Ball
1-0: Ball
2-0: Called Strike
2-1: Ground out 6-3 (Groundball, 6, EV 84.4 MPH)
Top of the 6th over - 0 runs, 1 hit, 0 errors, 1 left on base; West Virginia 2 - Hickory 6
BOTTOM OF THE 6TH
Hickory Crawdads batting - Pitching for West Virginia Power : LHP Dave Felshaw
Batting: LHB Brian Edwards 0-0: Swinging Strike
0-1: Ground out 6-3 (Groundball, 6, EV 105.6 MPH)
Batting: RHB Greg Milne 0-0: Called Strike
0-1: Ground out 6-3 (Groundball, 6, EV 82.5 MPH)
Batting: LHB Branden Clark 0-0: Called Strike
0-1: SINGLE (Line Drive, 56D, EV 105.6 MPH)
Batting: RHB John Parker 0-0: Ball
1-0: Ground out 6-3 (Groundball, 6M, EV 101.9 MPH)
Bottom of the 6th over - 0 runs, 1 hit, 0 errors, 1 left on base; West Virginia 2 - Hickory 6
TOP OF THE 7TH
West Virginia Power batting - Pitching for Hickory Crawdads : RHP Andy Schurmann
Batting: RHB Jose Vidal 0-0: Ball
1-0: Ball
2-0: Foul Ball, location: 2F
2-1: Ball
3-1: Called Strike
3-2: Foul Ball, location: 2F
3-2: Base on Balls
Batting: RHB Brian Chisholm 0-0: Ball
1-0: Called Strike
1-1: Called Strike
1-2: Strikes out swinging
Batting: RHB Ryan Fleming 0-0: Foul Ball, location: 3SF
0-1: SINGLE (Groundball, 6, EV 106.9 MPH)
Jose Vidal to second
Batting: RHB Mario Sierra 0-0: Fielders Choice at 2nd, 5-4 (Groundball, 56S, EV 87.5 MPH)
Jose Vidal to third
Batting: RHB Nick Pieper 0-0: Ball
1-0: Swinging Strike
1-1: Called Strike
1-2: Ball
2-2: Ball
3-2: Foul Ball, location: 25F
3-2: Foul Ball, location: 9LDF
3-2: Foul Ball, location: 7LSF
3-2: Foul Ball, location: 3DF
3-2: Base on Balls
Mario Sierra to second
Pitching: RHP Bryan Tuite
Batting: RHB Jeremy Root 0-0: Called Strike
0-1: Swinging Strike
0-2: Ball
1-2: Strikes out swinging
Top of the 7th over - 0 runs, 1 hit, 0 errors, 3 left on base; West Virginia 2 - Hickory 6
BOTTOM OF THE 7TH
Hickory Crawdads batting - Pitching for West Virginia Power : LHP Dave Felshaw
Batting: RHB Frank Goodwin 0-0: Ball
1-0: Ball
2-0: Ball
3-0: Base on Balls
Pitching: LHP Leo Rico
Batting: RHB Alex Colgan 0-0: Ball
1-0: Ball
2-0: Ball
3-0: Called Strike
3-1: Base on Balls
Frank Goodwin to second
Batting: LHB Brad Allen 0-0: Foul Ball, location: 3FF
0-1: Called Strike
0-2: Grounds into double play, 3-6-3 (Groundball, 34, EV 85.0 MPH)
Frank Goodwin to third
Batting: SHB Rodrigo Ruiz 0-0: Foul Ball, location: 2LF
0-1: Ball
1-1: DOUBLE (Line Drive, 9LS, EV 94.4 MPH)
Frank Goodwin scores
Batting: RHB Justin Beck 0-0: Called Strike
0-1: Ball
1-1: Fly out, F9 (Flyball, 9, EV 83.1 MPH)
Bottom of the 7th over - 1 run, 1 hit, 0 errors, 1 left on base; West Virginia 2 - Hickory 7
TOP OF THE 8TH
West Virginia Power batting - Pitching for Hickory Crawdads : RHP Bryan Tuite
Batting: RHB Robert Valeriano 0-0: Ball
1-0: Ball
2-0: Foul Ball, location: 7LMF
2-1: Foul Ball, location: 9LSF
2-2: Ball
3-2: Foul Ball, location: 2F
3-2: Base on Balls
Pinch Hitting: RHB Nick Schulz 0-0: Ball
1-0: Swinging Strike
1-1: Ball
2-1: Ball
3-1: Foul Ball, location: 2F
3-2: Grounds into double play, 4-6-3 (Groundball, 4, EV 88.8 MPH)
Pinch Hitting: SHB Tom Marks 0-0: Ground out 3-1 (Groundball, 34, EV 80.6 MPH)
Top of the 8th over - 0 runs, 0 hits, 0 errors, 0 left on base; West Virginia 2 - Hickory 7
BOTTOM OF THE 8TH
Hickory Crawdads batting - Pitching for West Virginia Power : LHP Leo Rico
Now at 1B: Nick Schulz
Now in LF: Mario Sierra
Now in CF: Tom Marks
Batting: LHB Brian Edwards 0-0: Ground out 6-3 (Groundball, 6D, EV 104.4 MPH)
Batting: RHB Greg Milne 0-0: Called Strike
0-1: Swinging Strike
0-2: Ball
1-2: Strikes out swinging
Batting: LHB Branden Clark 0-0: SINGLE (Groundball, 56S, EV 67.5 MPH) (infield hit)
Batting: RHB John Parker 0-0: Ball
1-0: Foul Ball, location: 2F
1-1: Ball
2-1: Ball
3-1: Fly out, F8 (Line Drive, 8LM, EV 93.8 MPH)
Bottom of the 8th over - 0 runs, 1 hit, 0 errors, 1 left on base; West Virginia 2 - Hickory 7
TOP OF THE 9TH
West Virginia Power batting - Pitching for Hickory Crawdads : RHP Bryan Tuite
Batting: RHB Jose Vidal 0-0: Called Strike
0-1: Ball
1-1: DOUBLE (Flyball, 8RXD, EV 106.3 MPH)
Batting: RHB Brian Chisholm 0-0: Ball
1-0: Ball
2-0: Ball
3-0: Base on Balls
Batting: RHB Ryan Fleming 0-0: Called Strike
0-1: Fielders Choice at 2nd, 1-4 (Groundball, 15S, EV 61.9 MPH)
Jose Vidal to third
Batting: RHB Mario Sierra 0-0: Fly out, F9 (Flyball, 89D, EV 88.8 MPH)
Runner from 3rd tags up, SCORES, no throw by RF
Batting: RHB Nick Pieper 0-0: Ball
1-0: Fly out, F7 (Flyball, 78S, EV 88.1 MPH)
Top of the 9th over - 1 run, 1 hit, 0 errors, 1 left on base; West Virginia 3 - Hickory 7
Monday, May 6th , 2024 - OOTP Baseball 24.11 Build 85